[Event "Portuguese Rapid-ch 2022"]
[Site "Viseu"]
[Date "2022.06.11"]
[Round "6.5"]
[White "Padeiro, Jose"]
[Black "Silva, Goncalo Nuno Neto Pi"]
[Result "1/2-1/2"]
[ECO "A04"]
[WhiteElo "2207"]
[BlackElo "2169"]
[Annotator "TA"]
[PlyCount "115"]
[EventDate "2022.06.09"]
[EventType "rapid"]
[EventCountry "POR"]
[SourceTitle "playchess.com"]
[Source "ChessBase"]
[SourceQuality "1"]
[TimeControl "600+5"]

1. Nf3 g6 2. d4 Bg7 3. c4 c5 4. d5 d6 5. e4 Nf6 6. Nc3 O-O 7. h3 a6 8. a4 Re8 {E90: King's Indian: Classical: Early deviations and 6 h3.} 9. Bd3 e6 10. O-O Nbd7 {White is slightly better.} 11. dxe6 fxe6 {[#]} 12. e5 $146 (12. Be2 $16) ({Predecessor:} 12. Bc2 Nb8 13. Bg5 Qc7 14. Bf4 e5 15. Bg5 Be6 16. Bxf6 Bxf6 17. Nd5 Bxd5 18. Qxd5+ {1-0 (66) Nardemir,I (1535)-Isik,M (1334) Antalya 2019}) 12... Nxe5 $11 13. Nxe5 dxe5 14. Ne4 Nxe4 (14... Qc7 $11) 15. Bxe4 $14 Qc7 {[#]} 16. h4 $1 {Hoping for h5.} Qf7 $2 (16... Bd7 $16) 17. Be3 (17. h5 $18 {is more deadly.}) 17... Bd7 $16 18. Bxc5 Rac8 19. Be3 {White is more active.} Rxc4 20. f3 (20. Bxb7 $14 a5 21. Ba6) 20... b5 21. axb5 Bxb5 22. Rf2 Bf6 23. g3 Be7 24. Rd2 Bc6 25. Bxc6 Rxc6 26. Kg2 Qf5 27. Qa4 Rec8 28. Rad1 Rc2 29. Qe4 (29. Rf2 $11) 29... Qxe4 30. fxe4 Bb4 31. Rxc2 Rxc2+ $11 {[%mdl 4096] Endgame KRB-KRB} 32. Kf3 Rxb2 33. Bh6 Kf7 34. Rd7+ Ke8 35. Rxh7 Be1 36. Be3 Rb3 37. Ke2 {Against Bd2} Bxg3 38. Bc5 ({Better is} 38. Bg5 $1 $11) 38... Rb5 39. Be3 {[#]} Bf4 $1 {aiming for ...Rb2+.} 40. Bf2 Rb2+ 41. Kf3 a5 {And now ...a4 would win.} 42. Ra7 Ra2 43. Bc5 {Prevents Ra3+.} a4 44. Re7+ Kd8 $1 {...Rc2 is the strong threat.} 45. Rxe6 Rh2 (45... Rc2 $17 46. Bd4 Kd7) 46. Rxg6 a3 47. Ra6 a2 48. Kg4 Kc7 49. Kf5 Kb7 50. Ra4 Kc6 51. Be7 Kb5 52. Ra8 Kc4 53. Bg5 Bg3 54. Bf6 Rf2+ 55. Ke6 Rf4 56. Rxa2 {Black must now prevent h5.} Rxe4 $2 (56... Bxh4 $11 57. Bxh4 (57. Bxe5 Rxe4 58. Kf5 Rxe5+ 59. Kxe5 Bg5 $11) (57. Kxe5 Rxf6 58. Rc2+ Kd3 $11) 57... Rxe4) 57. Ra4+ $18 Kd3 58. Rxe4 $2 {Weighted Error Value: White=0.13 (very precise) /Black=0.13 (very precise)} (58. Ra3+ $18 Ke2 59. Rxg3) 1/2-1/2

[Event "Portuguese Rapid-ch 2022"]
[Site "Viseu"]
[Date "2022.06.11"]
[Round "6.6"]
[White "Ribeiro, Gustavo"]
[Black "Ferreira, Jorge Viterbo"]
[Result "0-1"]
[ECO "A13"]
[WhiteElo "1867"]
[BlackElo "2512"]
[Annotator "TA"]
[PlyCount "76"]
[EventDate "2022.06.09"]
[EventType "rapid"]
[EventCountry "POR"]
[SourceTitle "playchess.com"]
[Source "ChessBase"]
[SourceQuality "1"]
[TimeControl "600+5"]

1. c4 e6 2. g3 d5 3. cxd5 exd5 4. Bg2 Nf6 5. d4 c6 6. Nf3 Bf5 7. Nc3 h6 8. O-O Nbd7 9. Re1 {[%emt 0:00:03] D11: Slav Defence: 3 Nf3 sidelines and 3...Nf6 4 e3 Bg4.} Be7 10. Nh4 Bh7 {[%emt 0:00:03] [#]} 11. Qb3 $146 {[%emt 0:00:29] Black has an edge.} ({Predecessor:} 11. e4 dxe4 12. Nxe4 O-O 13. Nc3 Nb6 14. Bh3 Re8 15. Nf5 Bf8 16. Rxe8 Qxe8 17. Qf3 {½-½ (24) Miladinovic,I (2555)-Zvjaginsev,V (2600) Tivat 1995}) 11... Qb6 12. Qxb6 axb6 13. Bh3 {[%emt 0:00:05] [#]} (13. Bd2 $15) 13... g5 $1 $17 14. Bxd7+ Kxd7 15. Nf3 b5 16. Ne5+ Ke6 17. f4 b4 18. Nd1 Ne4 19. Nf2 Nxf2 {[%emt 0:00:12] Active counter play!} 20. Kxf2 Ra7 21. fxg5 hxg5 22. Nf3 f6 23. Nd2 (23. h4 $17 {was called for.}) 23... Bg6 24. Kg1 Rha8 25. e4 dxe4 26. Nxe4 Kf7 27. Nc5 (27. Kg2 {was necessary.}) 27... b6 $19 ({Stronger than} 27... Rxa2 28. Rxa2 Rxa2 29. Nxb7 $17) 28. Nb3 Rxa2 29. Rxa2 Rxa2 30. Nd2 Bd3 31. Re3 Bb5 32. Ne4 (32. h4 {was worth a try.}) 32... f5 {[%emt 0:00:33][%cal Bf6f5,Bf5f4][%mdl 32] Black is clearly winning.} 33. Nf2 Bf6 34. Kg2 Bxd4 35. Rf3 Kg6 {[%emt 0:00:15] [#] And now ...c5 would win.} 36. g4 f4 37. h4 c5 38. Kg1 Ra1 {[%emt 0:00:03] Black took control after the opening.  Weighted Error Value: White=0.70/Black=0.03 (flawless)} 0-1

[Event "Portuguese Rapid-ch 2022"]
[Site "Viseu"]
[Date "2022.06.11"]
[Round "6.7"]
[White "Ferreira, Luis Pedro"]
[Black "Santos, Antonio P"]
[Result "0-1"]
[ECO "A01"]
[WhiteElo "2183"]
[BlackElo "2182"]
[Annotator "TA"]
[PlyCount "64"]
[EventDate "2022.06.09"]
[EventType "rapid"]
[EventCountry "POR"]
[SourceTitle "playchess.com"]
[Source "ChessBase"]
[SourceQuality "1"]
[TimeControl "600+5"]

1. b3 e5 2. Bb2 Nc6 3. e3 d5 4. Bb5 Bd6 5. f4 Qh4+ 6. g3 Qe7 7. Nf3 f6 8. fxe5 {[%emt 0:00:06] A01: Nimzowitsch-Larsen Opening.} (8. Nc3 $11) 8... fxe5 $15 9. Bxc6+ bxc6 10. Nxe5 $1 {[%emt 0:00:09] Black must now prevent Qh5+. Black is slightly better.} Nf6 {[%emt 0:00:01] Inhibits Qh5+.} (10... Qg5 $1 $15 11. Nf3 (11. Nxc6 $2 Ne7 $19) 11... Qg6) 11. d4 (11. Nxc6 $11 Qd7 12. Bxf6) 11... O-O $17 12. Nd2 $2 (12. Nc3 $17) 12... Bxe5 $19 13. dxe5 {[%emt 0:00:03] [#]} Ng4 {[%emt 0:00:02] [#]} (13... Bg4 $1 $19 14. Qc1 Nd7) 14. Nf3 $146 (14. Qe2 $17) ({Predecessor:} 14. Qe2 Rf2 15. Qd3 Bf5 16. Qd4 c5 17. Qxd5+ Be6 18. Qxa8+ Rf8 19. Qc6 Nxe3 20. Qe4 {0-1 (62) Bachmann,A (2519)-Melkumyan,H (2534) ICC INT 2008}) 14... Nxe3 15. Qe2 Bg4 $2 (15... Qb4+ 16. c3 Qe4) 16. Qxe3 {[%emt 0:00:08] Strongly threatening 0-0.} Rxf3 17. Qd4 Qg5 18. Bc1 {[%emt 0:00:21] Inhibits Re3+.} (18. Rf1 {is the only way for White.} Re3+ 19. Kf2) 18... Qg6 19. Rf1 Rxf1+ 20. Kxf1 Rf8+ (20... Bh3+ $19 {and Black stays clearly on top.} 21. Kg1 Qxc2) 21. Kg1 $17 Bh3 $40 {[%emt 0:00:15][%csl Gh3][%cal Rf8f1][%mdl 128] Black wants a kill. Black is more active.} 22. Be3 $2 (22. Ba3 $17 {is a better chance.} Qxc2 23. Qb2) 22... Qf5 $19 {[%emt 0:00:54][%cal Of5f1] ( -> ...Qf1+!)} ({Don't go for} 22... Qxc2 $2 23. Bf2 $19) 23. Bf4 {[%emt 0:00:27] [#]} g5 $1 ({Not} 23... Qxc2 $2 24. Qd2 Qf5 25. Qe2 $17) 24. e6 gxf4 25. e7 Re8 26. Re1 (26. Qxf4 $142 Qe6 27. Qg5+ Kh8 28. Rd1) 26... Qxc2 27. Qf2 {[%emt 0:00:17] Inhibits Qg2+.} Qxf2+ 28. Kxf2 Kf7 29. gxf4 Rxe7 30. Rc1 Bd7 31. Rc5 Ke6 32. Ke3 Kd6+ {[%emt 0:00:04] Weighted Error Value: White=1.56/Black=0.46} 0-1

[Event "Portuguese Rapid-ch 2022"]
[Site "Viseu"]
[Date "2022.06.11"]
[Round "6.8"]
[White "Fidalgo, Andre Neves"]
[Black "Monteiro, Paulo Alexandre G"]
[Result "1-0"]
[ECO "A62"]
[WhiteElo "2261"]
[BlackElo "1983"]
[Annotator "TA"]
[PlyCount "69"]
[EventDate "2022.06.09"]
[EventType "rapid"]
[EventCountry "POR"]
[SourceTitle "playchess.com"]
[Source "ChessBase"]
[SourceQuality "1"]
[TimeControl "600+5"]

1. d4 Nf6 2. c4 e6 3. g3 c5 4. d5 exd5 5. cxd5 d6 6. Nc3 g6 7. Bg2 Bg7 8. Nf3 O-O 9. O-O Re8 10. Bf4 Na6 {[%emt 0:00:16] 10...Bf5 is becoming the main line.} 11. h3 Nc7 12. a4 Ne4 {[%emt 0:00:29] A62: Modern Benoni: Fianchetto Variation without early ...Nbd7.} 13. Rc1 {[%emt 0:02:29] [#]} Nxc3 $146 ({Predecessor:} 13... Bf5 14. g4 Nxc3 15. bxc3 Be4 16. c4 Bb2 17. Qb3 Bxc1 18. Bxc1 a6 19. a5 Rb8 20. Bb2 {1-0 (31) Mikhalevski,V (2607)-Kraai,J (2509) Edmonton 2009}) 14. bxc3 b5 {[%emt 0:00:16] The position is equal.} 15. Nd2 f5 {[%emt 0:03:28] Prevents Ne4.} (15... g5 $15 16. Be3 Rb8) 16. e4 Rb8 17. exf5 (17. Re1 $14) 17... Bxf5 (17... g5 $5 18. Bxd6 Qxd6 $15) 18. c4 (18. Qf3 $11 {keeps the balance.}) 18... Bd3 {[%emt 0:01:11] [#]} ({Black should try} 18... g5 $17 19. Qh5 Bg6 20. Qxg5 Qxg5 21. Bxg5 bxa4) 19. cxb5 $1 Bxf1 20. Qxf1 Be5 21. Bh6 a6 22. Rb1 ({Of course not} 22. bxa6 Rb4 $11) 22... axb5 23. axb5 {[%emt 0:00:01][%cal Ba4b5,Bb5b6][%mdl 32] Strongly threatening b6.} Qd7 $2 (23... Bg7 $2 24. Bxg7 Kxg7 25. b6 $18) (23... Qf6 $11 {and Black is okay.} 24. Ne4 Qe7) 24. b6 $18 {[%emt 0:00:03][%mdl 1024] White has strong compensation.} Na8 {[%emt 0:00:02] [#]} 25. Nc4 Rb7 26. Qd1 $2 (26. h4 $18) 26... Bd4 $16 27. Bf4 {[%emt 0:00:06] A strong pair of Bishops.} Reb8 (27... g5 $16 {is a better defense.} 28. Bxg5 (28. Bxd6 Nxb6 29. Na5 Ra7 $17) 28... Nxb6 29. Rxb6 Rxb6 30. Nxb6 Qf5) 28. Bxd6 $18 ({And not} 28. Nxd6 Rxb6 29. Rxb6 Nxb6 $11) 28... Nxb6 29. Bxb8 Nxc4 {[%emt 0:00:01] [#]} 30. Bf4 $1 {[%emt 0:00:02] Rxb7 is the strong threat.} Ra7 (30... Kg7 31. Rxb7 Qxb7) 31. Qe2 Nd6 32. Rb6 $2 (32. Rb8+ Kf7 33. Bh6) 32... Ra1+ $2 (32... Qe8 33. Qe6+ Qxe6 34. dxe6 Nf5) 33. Kh2 {[%emt 0:00:02] White is clearly winning.} Nf5 34. d6 {[%emt 0:00:18] Threatening mate with Rb7.} Kg7 35. Rb7 {[%emt 0:00:02] Weighted Error Value: White=0.59/Black=0.73} 1-0

[Event "Portuguese Rapid-ch 2022"]
[Site "Viseu"]
[Date "2022.06.11"]
[Round "7.1"]
[White "Veiga, Jose Francisco R P N"]
[Black "Martins, Bruno Andre Leite"]
[Result "1/2-1/2"]
[ECO "B10"]
[WhiteElo "2377"]
[BlackElo "2327"]
[Annotator "TA"]
[PlyCount "35"]
[EventDate "2022.06.09"]
[EventType "rapid"]
[EventCountry "POR"]
[SourceTitle "playchess.com"]
[Source "ChessBase"]
[SourceQuality "1"]
[TimeControl "600+5"]

1. e4 c6 2. Nc3 d5 3. Nf3 dxe4 4. Nxe4 Nf6 5. Qe2 Nxe4 6. Qxe4 Qd5 {B11: Caro-Kann: Two Knights Variation.} 7. Qh4 Qe6+ 8. Be2 Qg4 {Inhibits Qf4.} 9. Qg3 Qxg3 10. hxg3 g6 11. d4 Bg7 {[#] Black did not feel at home in the position after the opening.  Weighted Error Value: White=0.11 (very precise) /Black=0.07 (flawless)} {Predecessor:} 12. Bh6 $146 Bf6 13. Ne5 Be6 14. O-O-O Nd7 15. f4 Rg8 16. g4 Rd8 17. c4 Bxe5 18. fxe5 {½-½ (46) Bacrot,E (2708)-Topalov,V (2749) Paris 2017} 1/2-1/2

[Event "Portuguese Rapid-ch 2022"]
[Site "Viseu"]
[Date "2022.06.11"]
[Round "7.2"]
[White "Sousa, Andre Ventura"]
[Black "Fidalgo, Andre Neves"]
[Result "1-0"]
[ECO "B51"]
[WhiteElo "2420"]
[BlackElo "2261"]
[Annotator "TA"]
[PlyCount "79"]
[EventDate "2022.06.09"]
[EventType "rapid"]
[EventCountry "POR"]
[SourceTitle "playchess.com"]
[Source "ChessBase"]
[SourceQuality "1"]
[TimeControl "600+5"]

1. e4 c5 2. Nf3 d6 3. Bb5+ Nd7 4. d4 cxd4 5. Qxd4 Ngf6 6. Nc3 a6 7. Bxd7+ Bxd7 8. Bg5 Bc6 9. O-O-O {B51: Sicilian: Moscow Variation (3 Bb5+) without 3...Bd7.} (9. Bxf6 $5 gxf6 10. O-O $11) 9... e5 (9... Nd7 $14) 10. Qd3 {[#] White is more active.} (10. Nxe5 dxe5 11. Qxe5+ Qe7 $17) ({Better is} 10. Qc4 $16) 10... Qa5 $146 (10... Rc8 $14) ({Predecessor:} 10... Rc8 11. Kb1 h6 12. Bxf6 Qxf6 13. Nd5 Qe6 14. Nb6 Rd8 15. c4 Be7 16. Nd2 O-O {0-1 (66) Nur Mukhametova,A (2213)-Nechaeva,M (2379) Moscow 2020}) 11. Bxf6 $18 {White is clearly better.} gxf6 12. Kb1 (12. Nh4 $18) 12... Be7 (12... Qc5 $16 13. g3 O-O-O) 13. Nh4 O-O-O 14. Nf5 Bf8 15. Nd5 Bxd5 16. Qxd5 Qxd5 17. Rxd5 Rg8 18. g3 Kd7 19. c4 Ke6 (19... Rc8 $142 20. b3 Rc5) 20. Rhd1 b6 21. a4 Be7 (21... Kd7 {was called for.} 22. f3 Be7) 22. R1d3 {Hoping for a5.} a5 23. Rb5 Rb8 24. Ne3 {Rdb3 is the strong threat.} Rgc8 25. Kc2 Rc5 26. b3 Rxb5 27. cxb5 {[%mdl 4096] Endgame KRB-KRN} (27. axb5 $6 Rb7 28. g4 h6 $18) 27... Rc8+ 28. Kb2 h5 29. Nf5 Kd7 30. Ne3 $2 {[#]} (30. Rc3 $18 {Black must now prevent Rxc8.} Rxc3 31. Kxc3) 30... Rc5 (30... Ke6 $11 {and Black has nothing to worry.}) 31. Nc4 Kc7 32. Kc3 (32. f3 $18 {and White stays clearly on top.}) 32... Bf8 $2 (32... f5 $16 {keeps fighting.} 33. Rf3 f4) 33. h4 f5 34. Rf3 (34. exf5 $2 d5 35. f6 dxc4 36. bxc4 e4 $19) 34... f4 35. gxf4 exf4 36. Rxf4 Bg7+ $2 {[#]} (36... f5 {was necessary.} 37. e5 (37. exf5 $2 d5 $19) (37. Rxf5 Rxf5 38. exf5 d5 $16) 37... d5) 37. Kd3 f6 (37... f5 38. e5 (38. exf5 Bf6 $16) (38. Rxf5 Rxf5 39. exf5 d5 $16) 38... d5) 38. Ne3 {White is clearly winning.} f5 39. Nd5+ Kb7 40. Rxf5 {Weighted Error Value: White=0.46/Black=0.82} 1-0

[Event "Portuguese Rapid-ch 2022"]
[Site "Viseu"]
[Date "2022.06.11"]
[Round "7.3"]
[White "Ferreira, Jorge Viterbo"]
[Black "Fernandes, Antonio"]
[Result "1-0"]
[ECO "A45"]
[WhiteElo "2512"]
[BlackElo "2314"]
[Annotator "TA"]
[PlyCount "59"]
[EventDate "2022.06.09"]
[EventType "rapid"]
[EventCountry "POR"]
[SourceTitle "playchess.com"]
[Source "ChessBase"]
[SourceQuality "1"]
[TimeControl "600+5"]

1. d4 Nf6 2. Bf4 d5 3. e3 c6 4. c4 Bf5 5. Nc3 e6 6. Qb3 {[%emt 0:00:02] D10: Slav Defence: 3 cxd5 (without early Nf3) and 3 Nc3.} Qb6 {[%emt 0:05:54] 6...Qc8 is more advanced technology.} 7. c5 Qxb3 8. axb3 {[%emt 0:00:02] White is slightly better.} Nbd7 9. b4 Nh5 10. Bg3 (10. Bc7 $1 $16) 10... Nxg3 $11 11. hxg3 {[%emt 0:00:05] [#]} b5 $146 (11... Be7 $11 {remains equal.}) ({Predecessor:} 11... Be7 12. b5 O-O 13. Nf3 e5 14. Kd2 Bf6 15. Ra4 Rfe8 16. Be2 exd4 17. exd4 Nf8 {0-1 (111) Trost,E (2342)-Rytenko,V (2362) Chess.com INT 2022}) 12. Nf3 $16 f6 {[#]} (12... Kd8 $16) 13. Nh4 $1 $18 Kf7 14. Nxf5 exf5 15. Kd2 g6 (15... Be7 $142 16. Bd3 g6) 16. Be2 {[%emt 0:00:05] Black must now prevent Bf3.} Be7 (16... a6 $142 17. Ra5 Nb8) 17. Ra2 a6 18. Rha1 {[%emt 0:00:05] Threatens to win with Bf3.} Nb8 {[#]} 19. Nxb5 $1 {[%emt 0:00:05][%mdl 512] White is more active.} cxb5 20. Bxb5 {[%emt 0:00:05] aiming for Be2.} Rd8 $2 ({Black should play} 20... Ra7 $1 $14) 21. Bxa6 Nc6 (21... Nxa6 {was necessary.} 22. Rxa6 Rab8) 22. Bb5 Rxa2 23. Rxa2 Nb8 24. Ra7 Rc8 25. Ba4 Nc6 $2 (25... Ke6 26. Kd3 h5) 26. Rb7 Kf8 $2 (26... Nd8) 27. b5 (27. Bxc6 $142 Rxc6 28. Rb8+ Kf7 29. b5) 27... Nb8 $2 (27... Na5 {was worth a try.}) 28. Bb3 {[%emt 0:00:05] White is clearly winning.} Ke8 29. Bxd5 Rd8 {[#]} 30. Bc4 $2 {[%emt 0:00:05] Weighted Error Value: White=0.45/Black=0.64} (30. c6 $1 $18 {and White stays clearly on top.} Nd7 (30... Nxc6 31. bxc6) 31. cxd7+ Kf8 32. Kc3) 1-0

[Event "Portuguese Rapid-ch 2022"]
[Site "Viseu"]
[Date "2022.06.11"]
[Round "7.4"]
[White "Santos, Jose Guilherme B Lim"]
[Black "Rego, Pedro Filipe"]
[Result "1-0"]
[ECO "B32"]
[WhiteElo "2365"]
[BlackElo "2251"]
[Annotator "TA"]
[PlyCount "130"]
[EventDate "2022.06.09"]
[EventType "rapid"]
[EventCountry "POR"]
[SourceTitle "playchess.com"]
[Source "ChessBase"]
[SourceQuality "1"]
[TimeControl "600+5"]

1. e4 c5 2. Nf3 Nc6 3. d4 cxd4 4. Nxd4 e5 5. Nb5 a6 6. Nd6+ Bxd6 7. Qxd6 Qe7 8. Qd1 Nf6 9. Nc3 d6 10. Bg5 {B32: Sicilian: Löwenthal and Kalashnikov Variations.} Be6 11. Be2 h6 12. Be3 {White is slightly better.} (12. Bxf6 $5 Qxf6 13. Nd5 $11) 12... O-O 13. O-O Qc7 {[#]} 14. Qd2 $146 ({Predecessor:} 14. f4 exf4 15. Bxf4 Qb6+ 16. Kh1 Ne5 17. Qd2 Rac8 18. Rab1 Nfd7 19. Rfd1 Rc6 20. Nd5 Bxd5 21. exd5 {1-0 (60) Heil,S-Roeder,F Germany 1982}) 14... b5 15. f4 {Threatening f5.} exf4 16. Rxf4 Ne5 {[#]} 17. Rxf6 $1 gxf6 18. Bxh6 Rfe8 19. Rf1 b4 20. Qf4 Ng6 $11 (20... bxc3 {is a self mate.} 21. Qxf6 Qc5+ 22. Kh1) 21. Qxf6 {[%csl Gh6][%cal Rf6g7] The board is on fire.} Qc5+ 22. Rf2 Qe5 {aiming for ...Qxf6.} 23. Qxe5 dxe5 (23... Nxe5 $11 24. Nd5 Bxd5 25. exd5 Rac8) 24. Nd5 $14 Bxd5 25. exd5 Rad8 26. Bc4 Rd6 27. Bd2 $36 {[%mdl 2048] White has some pressure. This bishop pair is nice.} a5 28. Be3 (28. c3 $14) 28... Rc8 $11 29. Bb3 Ne7 30. Bg5 Nxd5 31. Rd2 Rc5 (31... Rg6 $1 $11 32. Rxd5 Rxg5) 32. Be7 $1 $18 {[%mdl 64] Skewer} Nxe7 33. Rxd6 {[%mdl 4096] Endgame KRB-KRN} Kg7 34. g4 {Against Nf5} e4 (34... Rc7 $142 35. Kf2 Nc8) 35. Kf2 Rg5 36. h3 f5 37. Rd7 ({White should try} 37. Re6 $18 Ng6 38. gxf5 Rxf5+ 39. Ke3) 37... Kf6 $16 38. Rd6+ $2 (38. Kg3 $16 {Threatens to win with Rd6+.} fxg4 39. hxg4) 38... Kg7 $18 39. Re6 Ng6 40. gxf5 Rxf5+ 41. Kg3 $2 (41. Ke3 $18) 41... Rf3+ $2 (41... Rg5+ $11 42. Kf2 Rh5 43. Rxe4 Rxh3) 42. Kg4 Re3 43. h4 Re1 44. h5 Rg1+ 45. Kf5 Nh4+ (45... Nf8 {was worth a try.} 46. Rxe4 Kh6) 46. Kxe4 Re1+ 47. Kd5 Rd1+ 48. Kc5 Nf3 49. Rg6+ Kh7 50. Kb5 Rh1 51. Kxa5 $4 (51. Bg8+ $18 Kh8 52. Kxa5) 51... Rxh5+ $19 52. Kxb4 Kxg6 53. a4 (53. Bc4 $142 Ne1 54. Kc3) 53... Kf6 54. a5 Nd4 55. Ba4 Ke7 56. a6 Kd6 57. a7 Rh8 58. Ka5 Kc7 59. c3 Ne6 60. Bb3 Nc5 61. Bd5 Nb7+ 62. Ka6 Rh6+ 63. Kb5 {[#]} Rh8 (63... Rb6+ $1 $19 64. Kc4 Ra6) 64. Ka6 $2 {[%mdl 8192] [#]} (64. b4 $11 {and White has nothing to worry.}) 64... Nc5+ $2 ({Better is} 64... Rf8 $1 $19 65. Kb5 (65. Bxb7 Rf6+ 66. Bc6 Rxc6+ 67. Kb5 Rb6+ 68. Kc4 Ra6 $19) (65. Bf7 Rd8) 65... Ra8) 65. Kb5 $11 Nb7 {[%mdl 32768] Quite a comeback for White.  Weighted Error Value: White=0.40/Black=0.40. Loss on time!?} 1-0

[Event "Portuguese Rapid-ch 2022"]
[Site "Viseu"]
[Date "2022.06.11"]
[Round "7.5"]
[White "Silva, Goncalo Nuno Neto Pi"]
[Black "Silva, Miguel Antonio Neto"]
[Result "0-1"]
[ECO "C50"]
[WhiteElo "2169"]
[BlackElo "2215"]
[Annotator "TA"]
[PlyCount "62"]
[EventDate "2022.06.09"]
[EventType "rapid"]
[EventCountry "POR"]
[SourceTitle "playchess.com"]
[Source "ChessBase"]
[SourceQuality "1"]
[TimeControl "600+5"]

1. e4 e5 2. Nf3 Nc6 3. Bc4 Bc5 4. O-O Nf6 5. d3 a6 6. h3 {C50: Hungarian Defence and Giuoco Pianissimo.} Ba7 7. Nc3 h6 8. a4 {White has an edge.} d6 9. Nd5 Be6 10. Nxf6+ Qxf6 11. Bxe6 fxe6 12. c3 {[#]} O-O $146 ({Predecessor:} 12... g5 13. b4 Ne7 14. Be3 Ng6 15. g3 Rg8 16. Nh2 Qg7 17. Qh5 Kd7 18. Ng4 Rh8 {0-1 (57) Murzina,A (1768)-Rodriguez Redondo,A (1911) Porto Carras 2018}) 13. b4 Ne7 14. d4 Ng6 15. Be3 Rf7 16. Qe2 exd4 17. cxd4 Raf8 18. Rad1 Qe7 19. Rfe1 (19. Ne1 $11 {keeps the balance.}) 19... d5 (19... Qe8 $1 $17) 20. e5 $2 {[#]} (20. exd5 $11 {and White stays safe.} exd5 21. Bd2) 20... Qe8 $2 (20... Qxb4 21. Qc2 (21. Rb1 Qxa4 22. Rxb7 Bb6 $17) 21... Ne7 22. Rb1 $11) (20... Rxf3 $1 $19 21. gxf3 Qxb4) 21. b5 axb5 22. axb5 Bb6 23. Bd2 {[#]} (23. Nd2 $11 {remains equal.}) 23... Rxf3 $1 $17 24. gxf3 Nh4 (24... Bxd4 $142 25. Kh1 Nf4 26. Bxf4 Rxf4) 25. f4 Qg6+ ({Much worse is} 25... Bxd4 $6 26. Qg4 Qg6 27. Kh1 Bxf2 28. Re2 Qxg4 29. hxg4 $11) 26. Qg4 Nf3+ 27. Kh1 (27. Kg2 $142 Nxe1+ 28. Rxe1 Qxg4+ 29. hxg4) 27... Qxg4 {Black is more active.} 28. hxg4 Nxd2 ({But not} 28... Bxd4 29. Re2 $14) 29. Rxd2 {[%cal Of4f5] Black is better.} Ba5 ({Stronger than} 29... Rxf4 30. Red1 $15) 30. Red1 Bxd2 31. Rxd2 Rxf4 {Weighted Error Value: White=0.45/Black=0.24 (precise)} 0-1

[Event "Portuguese Rapid-ch 2022"]
[Site "Viseu"]
[Date "2022.06.11"]
[Round "7.6"]
[White "Santos, Antonio P"]
[Black "Sismeiro, Miguel"]
[Result "1-0"]
[ECO "D85"]
[WhiteElo "2182"]
[BlackElo "2148"]
[Annotator "TA"]
[PlyCount "57"]
[EventDate "2022.06.09"]
[EventType "rapid"]
[EventCountry "POR"]
[SourceTitle "playchess.com"]
[Source "ChessBase"]
[SourceQuality "1"]
[TimeControl "600+5"]

1. d4 Nf6 2. c4 g6 3. Nc3 d5 4. cxd5 Nxd5 5. e4 Nxc3 6. bxc3 Bg7 7. Nf3 c5 8. Rb1 cxd4 9. cxd4 O-O 10. Be2 Qa5+ 11. Bd2 Qxa2 12. O-O Bg4 13. Rxb7 {[%emt 0:00:48] D85: Exchange Grünfeld: Unusual White 7th moves and lines with 7 Nf3.} Bxf3 14. Bxf3 {[%emt 0:00:01] Strongly threatening e5.} Bxd4 15. Bh6 (15. Bb4 $11 Rd8 16. Qc1 (16. Bxe7 $2 Bxf2+ 17. Rxf2 Rxd1+ 18. Bxd1 Qa1 $19) (16. Rxe7 $2 Nc6 $19)) 15... Rd8 $15 {[%emt 0:00:33][%cal Od4f2] And now ...Bxf2+! would win.} 16. Qc1 (16. Rc7 $15 Na6 17. Rc2) 16... Nd7 {[%emt 0:02:39] [#]} 17. h4 $146 ({Predecessor:} 17. Bd1 Qa6 18. Qb1 Bb6 19. Qb2 e5 20. Rxd7 Rxd7 21. Qxe5 Bd4 22. Qf4 Qb6 23. h4 {0-1 (37) Staudte,R (1990)-Bok,B (2180) Maastricht 2008}) 17... Ne5 18. Rxe7 Nd3 19. Qg5 {[%emt 0:01:51] Hoping for e5.} Nxf2 $2 {[%emt 0:00:06] This costs Black the game.} (19... Qa6 $1 $15 {keeps the upper hand.} 20. Qd2 Ne5) 20. Kh2 $18 {[%emt 0:00:03] e5 is the strong threat.} Nd3 (20... Re8) 21. e5 {[%emt 0:00:27] Intending Qf6 and mate.} Qa5 22. Bxa8 Rxa8 23. Rexf7 {[%emt 0:00:50] Threatening mate with Rf8+.} Bxe5+ 24. Kh1 {[%emt 0:00:07] White wants to mate with Rf8+.} Qc5 25. Rf8+ (25. Qe3 $142 Qb4 {[#]} 26. Qe4 $3 Bf4 27. Rg7+ Kh8 28. Qxa8+ Bb8 29. Rg8+ $3 Kxg8 30. Qd5+ Kh8 31. Qd8+ Qf8 32. Rxf8#) 25... Rxf8 26. Rxf8+ Qxf8 27. Bxf8 Nf2+ 28. Kg1 Bd4 29. Qd5+ {[%emt 0:00:03] Weighted Error Value: White=0.23 (precise) /Black=1.38} 1-0